 Dungeon Crawl Stone Soup version 0.17.1-1-g73c8601 (console) character file.

129 Kloppie the Twirler (level 4, -6/40 HPs)
             Began as a Draconian Gladiator on Dec 18, 2015.
             Killed from afar by Natasha (8 damage)
             ... with a wand of flame
             ... on level 2 of the Dungeon.
             The game lasted 00:02:42 (1316 turns).

Kloppie the Twirler (Draconian Gladiator)           Turns: 1316, Time: 00:02:42

Health: -6/40      AC:  7    Str: 17    XL:     4   Next: 88%
Magic:  4/4        EV: 13    Int:  9    God:
Gold:   105        SH:  0    Dex: 12    Spells: 0 memorised, 3 levels left

rFire  . . .     SeeInvis .     a - +0 quarterstaff
rCold  . . .     Clarity  .     (armour unavailable)
rNeg   . . .     SustAt   .     (shield currently unavailable)
rPois  .         Gourm    .     b - +0 hat
rElec  .         Spirit   .     q - +1 cloak
rCorr  .         Warding  .     (no gloves)
rMut   .         Stasis   .     (no boots)
MR     .....                    (no amulet)
Stlth  +.........               (no ring)
                                (no ring)

@: very slightly contaminated, slowed, invisible, very slow, not resistant to
hostile enchantments, very unstealthy
A: unfitting armour, cold-blooded, AC +5
a: no special abilities


You were on level 2 of the Dungeon.
You were not hungry.

You visited 1 branch of the dungeon, and saw 2 of its levels.

You collected 105 gold pieces.

Inventory:

Hand Weapons
 a - a +0 quarterstaff (weapon)
Missiles
 c - 3 throwing nets (quivered)
Armour
 b - a +0 hat (worn)
 q - a +1 cloak (worn)
Jewellery
 l - an uncursed ring of ice
Scrolls
 f - 2 scrolls of identify {unknown}
 g - a scroll of immolation {unknown}
 h - 2 scrolls of remove curse {unknown}
 i - a scroll of noise {unknown}
 m - a scroll of magic mapping {unknown}
Potions
 e - a potion of invisibility
 n - a potion of lignification {unknown}
 o - a potion of cure mutation {unknown}
 p - a potion of curing {unknown}
Comestibles
 d - a bread ration
 j - 2 meat rations


   Skills:
 + Level 3.7 Fighting
 + Level 3.9 Staves
 - Level 1.7 Throwing
 + Level 3.7 Dodging


You had 3 spell levels left.
You didn't know any spells.

Dungeon Overview and Level Annotations

Branches:
Dungeon (2/15)

Altars:
Okawaru

Annotations:
D:2 Natasha


Innate Abilities, Weirdness & Mutations

Your plain brown scales are hard (AC +5).
Your body does not fit into most forms of armour.
You are cold-blooded and may be slowed by cold attacks.


Message History

You hit Natasha.
Natasha is heavily wounded.
Natasha claws you.
* * * LOW HITPOINT WARNING * * *
You barely miss Natasha.
Natasha is heavily wounded.
Natasha stares at you and mumbles some strange words.
The magic dart hits you!
* * * LOW HITPOINT WARNING * * *
Sorry, you're not good enough to have a special ability.
Drink which item? (? for menu, Esc to quit)
It was a potion of invisibility.
You fade into invisibility!
Natasha stares at you and mumbles some strange words.
You feel yourself slow down.
You are very lightly contaminated with residual magic.
You closely miss Natasha.
Natasha is heavily wounded.
Natasha zaps a wand.
The puff of flame hits you!
You die...

#.##^# ####.#########.# #
#.##...(####.....≈g≈...##.# #
.................≈≈≈.8.##.# #
..##.##.##..........8_8##.# # .
#. #.###......≈≈≈.8.##.# #
..##.##<# ##.....≈g≈...##.#
........# ####.#########.#
.###..†.# #h# #.# #.#..# #@#
###.# #.#..# ####.## #...# #
#..####.....# #.###
##.#...........### #.#
........<.........# #.#
#####.#####.###.#.####.########
#. #.# #.#........†..... .# .
#.######.######## .# S< #.#
#.########


You could see Natasha and a goblin.

Vanquished Creatures
  Crazy Yiuf (D:2)
  Jessica (D:2)
  Terence (D:2)
  Natasha (D:2)
  A worm (D:2)
  2 giant geckos
  4 bats
  2 giant cockroaches (D:2)
  A hobgoblin (D:1)
  2 kobolds (D:2)
  A quokka (D:2)
  2 giant newts
  3 goblins
22 creatures vanquished.

Notes
Turn   | Place    | Note
--------------------------------------------------------------
     0 | D:1      | Kloppie the Draconian Gladiator began the quest for the Orb.
     0 | D:1      | Reached XP level 1. HP: 17/17 MP: 1/1
   459 | D:1      | Reached XP level 2. HP: 16/25 MP: 2/2
   626 | D:2      | Found an iron altar of Okawaru.
   655 | D:2      | Noticed Terence
   656 | D:2      | Noticed Jessica
   665 | D:2      | Killed Terence
   665 | D:2      | Reached XP level 3. HP: 4/30 MP: 3/3
   813 | D:2      | Killed Jessica
   960 | D:2      | Noticed Natasha
   968 | D:2      | Killed Natasha
   968 | D:2      | Reached XP level 4. HP: 33/38 MP: 4/4
  1068 | D:2      | Noticed Crazy Yiuf
  1082 | D:2      | Killed Crazy Yiuf
  1303 | D:2      | Noticed Natasha
  1314 | D:2      | HP: 2/40 [Natasha/magic dart (4)]
  1316 | D:2      | Killed from afar by Natasha

Action                   |  1- 3 |  4- 6 || total
-------------------------+-------+-------++-------
Melee: Quarterstaff      |    48 |    29 ||    77
  Use: Potion            |       |     1 ||     1
 Stab: Sleeping          |       |     1 ||     1
  Eat: Chunk             |       |     1 ||     1
